 Dungeon Crawl Stone Soup version 0.27-a0-668-gb5737ff2c0 (webtiles) character file.

Game seed: 14556179750343647192

18 jasper the Bolt Thrower (level 2, -5/22 HPs)
             Began as a Human Wanderer on Mar 17, 2021.
             Slain by a gnoll
             ... wielding a +0 flail
              (14 damage)
             ... on level 1 of the Dungeon.
             The game lasted 00:02:58 (534 turns).

jasper the Bolt Thrower (Human Wanderer)             Turns: 534, Time: 00:02:59

Health: -5/22      AC:  2    Str: 12    XL:     2   Next: 85%
Magic:  2/2        EV: 11    Int: 11    God:
Gold:   13         SH:  0    Dex: 13    Spells: 1/1 levels left

rFire    . . .     SeeInvis .   a - +2 hand crossbow
rCold    . . .     Faith    .   (no shield)
rNeg     . . .     Spirit   .   f - +0 robe
rPois    .         Reflect  .   (no helmet)
rElec    .         Harm     .   (no cloak)
rCorr    .         Rampage  .   (no gloves)
Will     .....                  (no boots)
Stlth    +.........             (no amulet)
HPRegen  0.07/turn              (no ring)
MPRegen  0.08/turn              (no ring)

@: no status effects
A: no striking features
a: no special abilities


You were on level 1 of the Dungeon.
You visited 1 branch of the dungeon, and saw 1 of its levels.

You collected 13 gold pieces.

Inventory:

Hand Weapons
 a - a +2 hand crossbow (weapon)
 c - a +0 hand axe
 e - a +0 dagger
Missiles
 b - 3 bolts (quivered ammo)
 d - 8 poisoned darts (quivered)
Armour
 f - a +0 robe (worn)
Scrolls
 h - 2 scrolls of blinking {unknown}


   Skills:
 - Level 2.0 Fighting
 - Level 2.0 Bows
 + Level 3.1 Crossbows
 - Level 2.0 Throwing
 - Level 2.0 Armour


You had one spell level left.
You didn't know any spells.
Your spell library was empty.

Dungeon Overview and Level Annotations

Branches:
Dungeon (1/15)

Altars:


Message History

Fire: 6 bolts
Press: ? - help, Q - select action, (/) - cycle Shift-Dir - straight line, f/p - kobold
Aim: a kobold, wielding a +0 club (severely wounded, 59% to hit)
You shoot a bolt. The bolt closely misses the kobold.
The kobold hits you with a +0 club.
You take 3 damage, and have 19/22 hp.
Fire: 5 bolts
Press: ? - help, Q - select action, (/) - cycle Shift-Dir - straight line, f/p - kobold
Aim: a kobold, wielding a +0 club (severely wounded, 59% to hit)
You shoot a bolt. The bolt misses the kobold.
The kobold hits you with a +0 club! The kobold hits you with a +0 club.
You take 12 damage, and have 7/22 hp.
MASSIVE DAMAGE!!
Fire: 4 bolts
Press: ? - help, Q - select action, (/) - cycle Shift-Dir - straight line, f/p - kobold
Aim: a kobold, wielding a +0 club (severely wounded, 59% to hit)
You shoot a bolt. The bolt hits the kobold.
You kill the kobold!
You see here a +0 club.
It was a potion of heal wounds.
You feel much better. The gnoll hits you with a +0 flail!
Ouch! That really hurt!
* * * LOW HITPOINT WARNING * * *
You take 2 damage, and have 5/22 hp.
You feel much better. The gnoll hits you with a +0 flail!
You regained 9 hp, and now have 14/22 hp.
The gnoll hits you with a +0 flail.
You take 5 damage, and have 9/22 hp.
MASSIVE DAMAGE!!
Unknown command.
Throw: 10 darts (poison)
Press: ? - help, Q - select action, (/) - cycle Shift-Dir - straight line, f - gnoll
Aim: a gnoll, wielding a +0 flail (63% to hit)
You throw a poisoned dart. The poisoned dart hits the gnoll.
Throw: 9 darts (poison)
Press: ? - help, Q - select action, (/) - cycle Shift-Dir - straight line, f/p - gnoll
Aim: a gnoll, wielding a +0 flail (63% to hit)
You throw a poisoned dart. The poisoned dart hits the gnoll.
The gnoll is poisoned.
The gnoll hits you with a +0 flail!
Ouch! That really hurt!
You die...

#........#
#####.......(#
#(..#........#
#.......>....#
#............#
#(.(.........#
#..(.........######'
#(....)....##.......
.(((.........g@.......
...##.........##.......
## #...(.....# .......
##.........##......#
.(..................
.##.........###.#####
####...#### #.# #.#.#
#.# ..## #.#.# #.# .#
#.##


You could see a gnoll (poisoned).

Vanquished Creatures
  A bat (D:1)
  A giant cockroach (D:1)
  A goblin (D:1)
  2 hobgoblins (D:1)
  6 jackals (D:1)
  3 kobolds (D:1)
14 creatures vanquished.

Notes
Turn   | Place    | Note
-------+----------+-------------------------------------------
     0 | D:1      | jasper the Human Wanderer began the quest for the Orb.
     0 | D:1      | jasper set off with the following items: a +2 hand
                  | crossbow, 23 bolts, a +0 hand axe, 10 poisoned darts, a +0
                  | dagger, a +0 robe
     0 | D:1      | Reached XP level 1. HP: 16/16 MP: 1/1
    79 | D:1      | Reached XP level 2. HP: 19/22 MP: 2/2
   297 | D:1      | Reached skill level 3 in Crossbows
   534 | D:1      | Slain by a gnoll

Illustrated notes

Levels and vault maps discovered:
D:1:      doesnt_arrival_eight_statues, layout_basic

Skill      XL: |  1  2 |
---------------+-------+-----
Crossbows      | 3 |  3.1
Fighting       | |  2.0
Bows           | |  2.0
Throwing       | |  2.0
Armour         | |  2.0

Action                   || total
-------------------------++-------
 Fire: Hand crossbow     ||    44
Throw: Dart              ||     2
  Use: Potion            ||     2
Armor: Robe              ||     2
Dodge: Dodged            ||     4

Table legend: (Time is in decaauts)
 A = Elapsed time spent in this place.
 B = Non-inter-level travel time spent in this place.
 C = Inter-level travel time spent in this place.
 D = Time resting spent in this place.
 E = Time spent auto-exploring this place.
 F = Levels seen in this place.
 G = Mean time per level.
                   A        B        C        D        E       F      G
               +--------+--------+--------+--------+--------+-----+--------+
         Total |    549 |    549 |      0 |    114 |    328 |   1 |  549.0 |
       Dungeon |    549 |    549 |      0 |    114 |    328 |   1 |  549.0 |
               +--------+--------+--------+--------+--------+-----+--------+

Top non-repeatable levels by time:
     D:1: 549 daAuts
